 Dungeon Crawl Stone Soup version 0.29.1-15-g9cfb28693d (webtiles) character file.

Game seed: 17486501679830976924

4193 leafyfresh the Covert (level 10, 0/73 HPs)
             Began as an Octopode Delver on May 5, 2023.
             Was an Initiate of Ashenzari.
             Frozen to death by 0gre's ghost (14 damage)
             ... on level 6 of the Dungeon.
             The game lasted 00:17:32 (10983 turns).

leafyfresh the Covert (Octopode Delver)            Turns: 10983, Time: 00:17:33

Health: 0/73       AC: 12    Str: 18    XL:     10   Next: 29%
Magic:  13/13      EV: 16    Int: 17    God:    Ashenzari [......]
Gold:   505        SH:  0    Dex: 13    Spells: 4/13 levels left

rFire   . . .      SeeInvis .   u - +2 dagger (protect)
rCold   . . .      Faith    .   (no shield)
rNeg    . . .      Spirit   .   (helmet restricted)
rPois   .          Reflect  .   (no amulet)
rElec   .          Harm     .   q - +6 ring of strength
rCorr   .          Rampage  .   a - +4 ring of protection
Will    .....                   (no ring)
Stlth   ++++++....              (no ring)
HPRegen 0.22/turn               (no ring)
MPRegen 0.13/turn               (no ring)
                                (no ring)
                                (no ring)

@: about to teleport, under a protective aura
A: almost no armour, amphibious, 8 rings, camouflage 1, gelatinous body 1,
(nimble swimmer 1), tentacles
a: Renounce Religion, Curse Item


You were on level 6 of the Dungeon.
You worshipped Ashenzari.
Ashenzari was noncommittal.
You visited 2 branches of the dungeon, and saw 9 of its levels.

You collected 505 gold pieces.

Inventory:

Hand Weapons
 n - a +0 hand axe of flaming
 u - a +2 dagger of protection (weapon)
 C - a +2 war axe of flaming
Missiles
 j - 8 javelins (quivered)
Jewellery
 a - a +4 ring of protection (right tentacle)
 q - a +6 ring of strength (left tentacle)
Wands
 f - a wand of digging (2)
 i - a wand of iceblast (16)
 r - a wand of polymorph (7)
Scrolls
 b - a scroll of fog
 d - 3 scrolls of noise
 h - 8 scrolls of identify
 l - a scroll of brand weapon {unknown}
 m - a scroll of immolation {unknown}
 w - a scroll of enchant weapon {unknown}
 x - a scroll of enchant armour
 A - a scroll of summoning {unknown}
 B - a scroll of amnesia {unknown}
 D - a scroll of acquirement {unknown}
Potions
 e - 2 potions of haste
 g - 3 potions of lignification {unknown}
 s - a potion of might {unknown}
 t - 3 potions of degeneration {unknown}
 v - 2 potions of ambrosia {unknown}
 z - 3 potions of flight {unknown}
 E - a potion of mutation {unknown}
 F - a potion of resistance
 G - 2 potions of attraction {unknown}


   Skills:
 - Level 8.4 Fighting
 - Level 2.0 Short Blades
 - Level 7.6 Dodging
 - Level 12.3 Stealth
 + Level 2.2 Spellcasting
 - Level 2.8 Conjurations
 + Level 1.2 Transmutations
 + Level 5.6 Poison Magic


You had 4 spell levels left.
You knew the following spells:

 Your Spells              Type           Power      Damage    Failure   Level
a - Mephitic Cloud        Conj/Pois/Air  11%        N/A       19%         3
b - Eringya's Noxious Bo  Tmut/Pois      6%         N/A       100%        6

Your spell library contained the following spells:

 Spells                   Type           Power      Damage    Failure   Level
 Magic Dart               Conj           44%        1d5       6%          1
 Necrotise                Necr           4%         1d4       19%         1
 Call Imp                 Summ           1%         N/A       28%         2
 Gell's Gravitas          Tloc           1%         N/A       50%         3
 Ozocubu's Armour         Ice            1%         N/A       50%         3
 Teleport Other           Tloc           1%         N/A       50%         3
 Vampiric Draining        Necr           1%         2d6       50%         3
 Alistair's Intoxication  Tmut/Pois      8%         N/A       77%         5
 Agony                    Necr           1%         N/A       99%         5
 Borgnjor's Vile Clutch   Necr/Erth      0%         N/A       99%         5
 Metabolic Englaciation   Hex/Ice        0%         N/A       99%         5
 Dispersal                Tloc           0%         N/A       100%        6
 Simulacrum               Ice/Necr       0%         N/A       100%        6
 Ozocubu's Refrigeration  Ice            0%         4d7       100%        7


Dungeon Overview and Level Annotations

Branches:
Dungeon (8/15)             Temple (1/1) D:7            Lair (0/5) D:8

Altars:
Ashenzari
Cheibriados
Dithmenos
Fedhas
Gozag
Hepliaklqana
Kikubaaqudgha
Makhleb
Nemelex Xobeh
Okawaru
Qazlal
Sif Muna
Trog
Uskayaw
Vehumet
Wu Jian
Xom
Yredelemnul
Zin
The Shining One

Shops:
D:2 (   D:5 ?

Annotations:
D:4 3 runed translucent doors, croobank's ghost, weakling TrFi
D:5 3 runed translucent doors, croobank's ghost, amateur GnIE
D:6 1 transporter, 0gre's ghost, novice GnIE
D:7 Dowan; Duvessa


Innate Abilities, Weirdness & Mutations

You cannot wear most types of armour.
You are amphibious.
You can wear up to eight rings at the same time.
Your skin changes colour to match your surroundings (Stealth+).
Your rubbery body absorbs attacks. (AC +1, EV +1)
((You are camouflaged when in or above water. (Stealth+)))
You have tentacles for arms and can constrict up to eight enemies at once.


Message History

You feel sick.
You are no longer poisoned.
You are too injured to fight recklessly!
You are too injured to fight recklessly!
You are too injured to fight recklessly!
You hit 0gre's ghost but do no damage.
Your weapon exudes an aura of protection. 0gre's ghost completely misses you.
The gnoll sergeant barely misses you.
You hit 0gre's ghost.
You squeeze 0gre's ghost, but do no damage. 0gre's ghost is lightly damaged. 0gre's ghost closely misses you.
The gnoll sergeant hits you from afar with a +0 trident of venom.
You are poisoned.
The gnoll sergeant misses you.
You closely miss 0gre's ghost. 0gre's ghost is lightly damaged.
You feel very sick.
A chill runs down your spine. 0gre's ghost hits you.
You writhe in agony.
* * * LOW HITPOINT WARNING * * *
The gnoll sergeant closely misses you. x2
As you read the scroll of teleportation, it crumbles to dust.
You feel strangely unstable.
You feel sick. 0gre's ghost hits you but does no damage.
The gnoll sergeant hits you but does no damage.
You are lethally poisoned!
The gnoll sergeant hits you from afar with a +2 spear of venom!
* * * LOW HITPOINT WARNING * * *
You are more poisoned.
Unknown command.
You closely miss 0gre's ghost. 0gre's ghost is lightly damaged.
* * * LOW HITPOINT WARNING * * *
You feel extremely sick.
Unknown command.
You feel better. 0gre's ghost freezes you.
You are frozen!
You die...

##.# #........#.....# ###...⌠.
#.# #.)........#..####.......
#.## #...<.....#............†.
##..######.......[..##.##.⌠......
.....................#..#.....#..
≈≈≈≈≈≈≈~≈≈≈≈≈≈≈≈≈≈≈≈.##.##.......
≈≈≈≈≈≈≈~≈≈≈≈≈≈≈≈≈≈≈≈.>...#.......
##...........#####≈≈.###.##......
.#.###.©.###.#.#@#≈≈.# #.##..⌠...
.###.#####.###gW.#≈≈.###.###...##
..g..........gg###≈≈..##...#.###.
.######'###'##g#8.≈≈.......#.#...
.#...#8..#...#)##.≈≈.###.#.#.....
.'..:#⌠©.....g..#.~~.#.....##.⌠..
.#.g)#8..#.(.#.##.≈≈.....####....
.######'###'##.#8.≈≈.....# ##...
...............###≈≈.....# #...


You could see 2 gnoll sergeants, 0gre's ghost and 2 gnolls.

Vanquished Creatures
  Maggie (D:7)
  A steam dragon (D:6)
  A water moccasin (D:7)
  3 orc warriors
  An ice beast (D:6)
  A black bear (D:4)
  2 ogres
  3 centaurs
  A phantom (D:6)
  A kobold brigand (D:6)
  7 bullfrogs
  4 necrophages
  4 scorpions
  3 wights (D:8)
  11 killer bees
  2 howler monkeys
  5 hounds
  2 jellies
  6 orc priests
  A gnoll bouda (D:6)
  Jessica (D:2)
  Terence (D:3)
  4 iguanas
  5 orc wizards
  7 adders
  10 gnolls
  A white imp (D:8)
  An ufetubus (D:4)
  2 worms
  5 dart slugs
  42 orcs
  9 ball pythons
  6 bats
  9 endoplasms
  3 giant cockroaches
  11 goblins
  9 hobgoblins
  5 jackals
  2 quokkas
  A frilled lizard (D:2)
  7 kobolds
  9 rats
  A spectral hobgoblin (D:3)
211 creatures vanquished.

Vanquished Creatures (others)
  An adder (D:6)
  6 plants (D:6)
7 creatures vanquished.

Grand Total: 218 creatures vanquished

Notes
Turn   | Place    | Note
-------+----------+-------------------------------------------
     0 | D:5      | leafyfresh the Octopode Delver began the quest for the Orb.
     0 | D:5      | Reached XP level 1. HP: 16/16 MP: 1/1
    17 | D:5      | Noticed a necrophage
    32 | D:5      | Killed a necrophage
    33 | D:5      | Reached skill level 7 in Stealth
    33 | D:5      | Reached XP level 2. HP: 18/22 MP: 2/2
    33 | D:5      | Reached XP level 3. HP: 23/27 MP: 3/3
    33 | D:5      | Reached XP level 4. HP: 28/33 MP: 4/4
   171 | D:4      | Found a runed translucent gate.
   172 | D:4      | Found a runed translucent gate.
   173 | D:4      | Found a runed translucent gate.
   174 | D:4      | Noticed croobank's ghost (weakling TrFi)
   175 | D:4      | Noticed a necrophage
   347 | D:4      | Reached XP level 5. HP: 37/37 MP: 5/5
   405 | D:4      | Noticed an ogre
   833 | D:3      | Noticed Terence
   875 | D:3      | Killed Terence
   876 | D:3      | Reached skill level 8 in Stealth
  1109 | D:3      | Found a faded altar of an unknown god.
  1943 | D:2      | Noticed Jessica
  1949 | D:2      | Killed Jessica
  1950 | D:2      | Reached XP level 6. HP: 36/44 MP: 6/6
  2276 | D:2      | Found Lasmegodgh's Weapon Emporium.
  4191 | D:4      | Reached skill level 5 in Fighting
  4191 | D:4      | Reached XP level 7. HP: 50/50 MP: 7/7
  4243 | D:4      | You fall into a shaft and drop 2 floors!
  4293 | D:6      | Reached skill level 9 in Stealth
  4685 | D:6      | Reached skill level 5 in Dodging
  5052 | D:5      | Reached XP level 8. HP: 55/57 MP: 8/8
  5084 | D:5      | Reached skill level 10 in Stealth
  5206 | D:5      | Found Jysapn's Magic Scroll Shop.
  5325 | D:5      | Found a runed translucent gate.
  5325 | D:5      | Found a runed translucent gate.
  5325 | D:5      | Found a runed translucent gate.
  5325 | D:5      | Noticed croobank's ghost (amateur GnIE)
  6434 | D:6      | Reached skill level 11 in Stealth
  6450 | D:6      | Reached XP level 9. HP: 15/64 MP: 9/9
  6892 | D:6      | Noticed 0gre's ghost (novice GnIE)
  6939 | D:6      | Identified the +1 ring mail of Baezih {rElec rN+ Stlth+}
  7111 | D:6      | Found a transporter.
  7121 | D:6      | Found a transporter.
  7422 | D:6      | Reached skill level 12 in Stealth
  8126 | D:7      | Learned a level 3 spell: Mephitic Cloud
  8144 | D:7      | Reached skill level 1 in Spellcasting
  8153 | D:7      | Found a staircase to the Ecumenical Temple.
  8159 | Temple   | Entered the Ecumenical Temple
  8286 | Temple   | Became a worshipper of Ashenzari the Shackled
  8537 | D:7      | Found a shimmering altar of Xom.
  8538 | D:7      | Noticed Maggie
  8540 | D:7      | Found an ancient bone altar of Kikubaaqudgha.
  8541 | D:7      | Found a stormy altar of Qazlal.
  8543 | D:7      | Found a hide-covered altar of Uskayaw.
  8543 | D:7      | Found an opulent altar of Gozag.
  8553 | D:7      | Killed Maggie
  8554 | D:7      | Reached XP level 10. HP: 50/73 MP: 13/13
  8660 | D:7      | Noticed Dowan
  8661 | D:7      | Noticed Duvessa
  8704 | D:7      | Found a hazy altar of Hepliaklqana.
  8708 | D:7      | Found a glowing silver altar of Zin.
  8799 | D:8      | Reached skill level 1 in Conjurations
  9046 | D:8      | Noticed a centaur warrior
  9046 | D:8      | Noticed a deep elf pyromancer
  9046 | D:8      | Noticed a centaur warrior
  9046 | D:8      | Noticed a two-headed ogre
  9046 | D:8      | Noticed a harpy
  9046 | D:8      | Noticed a centaur warrior
  9056 | D:8      | Noticed a cyclops
  9056 | D:8      | Noticed a six-headed hydra
  9056 | D:8      | Noticed a boulder beetle
  9056 | D:8      | Noticed a boulder beetle
  9144 | D:8      | Found a staircase to the Lair.
  9248 | D:8      | Reached skill level 5 in Poison Magic
  9879 | D:8      | Learned a level 6 spell: Eringya's Noxious Bog
  9943 | D:8      | Reached skill level 1 in Transmutations
 10526 | D:7      | HP: 2/73 [orc warrior/+0 short sword of venom (11)]
 10982 | D:6      | HP: 3/73 [poisoned by a gnoll sergeant]
 10983 | D:6      | Frozen to death by 0gre's ghost

Illustrated notes

Levels and vault maps discovered:
D:1:      heliophobic_arrival_henge, layout_loops_cross
D:2:      layout_basic, serial_shops, shop_fountains, uniq_jessica
D:3:      layout_loops_corners, dreamdust_ecumenical_altar_drowned_temple,
          skrybe_limestone_x, minmay_misc_feat_doors, minmay_cut_off,
          uniq_terence
D:4:      layout_rooms, gammafunk_ghost_split
D:5:      layout_rooms, gammafunk_ghost_necromancy, serial_shops, shop_scrolls
D:6:      minmay_skewed_foursquare, layout_rooms, gammafunk_ghost_gnarly_gnolls,
          roderic_lattice_a, minmay_misc_feat_encased
D:7:      layout_cave_pools, grunt_temple_overflow_open,
          overflow_temple_1_default, minmay_temple_entry_hall,
          ebering_dispersal_statue_hall, uniq_maggie, uniq_pikel, uniq_duvessa
D:8:      nicolae_BIG_FREAKIN_CUBE, layout_basic, special_room
          [special_room_orc], minivault_12
Temple:   eino_narrow_crystal_temple

Skill      XL: |  1  2  3  4  5  6  7  8  9 10 |
---------------+-------------------------------+-----
Stealth        | 7 8 9 11 12 | 12.3
Dodging        | 3 4 5 6 7 |  7.6
Fighting       | 4 5 7 8 |  8.4
Spellcasting   | 2 |  2.2
Poison Magic   | 3 5 |  5.6
Conjurations   | 2 |  2.8
Transmutations | 1 |  1.2
Short Blades   | |  2.0

Action                   |  1- 3 |  4- 6 |  7- 9 | 10-12 || total
-------------------------+-------+-------+-------+-------++-------
Melee: Short sword       |     9 |   150 |       |       ||   159
       Tentacles         |     2 |    32 |    80 |    30 ||   144
       Constrict         |     1 |    34 |    57 |    27 ||   119
       Punch             |       |     4 |     8 |     3 ||    15
       Dagger            |       |    76 |   311 |   122 ||   509
Throw: Javelin           |       |     5 |       |     2 ||     7
Evoke: Wand              |       |       |       |     1 ||     1
  Use: Scroll            |       |     1 |     1 |     5 ||     7
       Potion            |       |       |     3 |     9 ||    12
 Stab: Sleeping          |     1 |    43 |    14 |     2 ||    60
       Distracted        |       |     1 |       |       ||     1
Armor: Skin              |     2 |   112 |    60 |    51 ||   225
Dodge: Dodged            |     5 |    98 |   188 |   182 ||   473
